 Dungeon Crawl Stone Soup version 0.32-a0-612-g1c984fe9d1 (webtiles) character file.

Game seed: 7287063944033128581

11067 jlumianski the Cleaver (level 11, -5/95 HPs)
             Began as a Coglin Gladiator on Mar 5, 2024.
             Was an Elder of Wu Jian.
             Killed from afar by a fire dragon (17 damage)
             ... with a blast of flame
             ... on level 9 of the Dungeon.
             The game lasted 01:24:53 (11710 turns).

jlumianski the Cleaver (Coglin Gladiator)          Turns: 11710, Time: 01:24:54

Health: -5/95      AC: 17    Str: 17    XL:     11   Next: 71%
Magic:  11/11      EV: 14    Int: 11    God:    Wu Jian [****..]
Gold:   291        SH:  0    Dex: 16    Spells: 10/10 levels left

rFire   . . .        V - +1 eveningstar (protect) {Esmond}
rCold   . . .        T - +9 whip "Lyuxegg" {spect, rN++ rCorr SInv}
rNeg    + + .        X - +2 steam dragon scales
rPois   +            (helmet restricted)
rElec   .            S - +2 cloak {rPois}
rCorr   +            (no gloves)
SInv    +            (no boots)
Will    .....        (amulet unavailable)
Stlth   +++          (ring unavailable)
HPRegen 0.35/turn    (ring unavailable)
MPRegen 0.12/turn    (no gizmo)

%: no passive effects
@: under a protective aura, revving
A: off-hand wielding, slow wielding, warmup strikes, no jewellery, horns 1,
clever 1, robust 1, subdued magic 1
a: Invent Gizmo, Renounce Religion, Wall Jump, Serpent's Lash


You were on level 9 of the Dungeon.
You worshipped Wu Jian.
Wu Jian was greatly pleased with you.
You visited 2 branches of the dungeon, and saw 11 of its levels.
You also visited: Sewer.

You collected 604 gold pieces.
You spent 313 gold pieces at shops.

Inventory:

Hand Weapons
 a - a +0 war axe {Hua}
 f - a +0 dagger {Úrsula}
 m - a +2 dagger of holy wrath {Yeongsuk}
 C - a +2 dagger of speed {Cuahtemoc}
 F - a +4 battleaxe of freezing
 T - the +9 whip "Lyuxegg" (offhand) {spect, rN++ rCorr SInv}
   (You took it off an arcanist on level 9 of the Dungeon)

   rN++:      It greatly protects you from negative energy.
   SInv:      It lets you see invisible.
   rCorr:     It protects you from acid and corrosion.
 U - the +7 staff of the Meek {protect, meekguard}
   (You found it on level 6 of the Dungeon)
 V - a +1 eveningstar of protection (weapon) {Esmond}
Missiles
 d - 8 throwing nets
 e - a javelin
 h - 5 datura-tipped darts
 y - 6 poisoned darts
 M - a curare-tipped dart
 P - 7 boomerangs
 R - 6 atropa-tipped darts
Armour
 p - a +2 helmet
 u - an orb of guile
 v - a +1 leather armour of willpower
 E - the +0 leather armour of the Game of Life {rN++}
   (You bought it in a shop on level 4 of the Dungeon)

   rN++:      It greatly protects you from negative energy.
 G - a +0 chain mail
 S - a +2 cloak of poison resistance (worn)
 X - +2 steam dragon scales (worn)
Magical Staves
 j - a staff of fire
 l - a staff of death
 H - a staff of cold
Talismans
 t - a maw talisman
 A - a blade talisman
Wands
 k - a wand of mindburst (9)
 N - a wand of roots (16)
 O - a wand of charming (8)
 W - a wand of polymorph (5)
Scrolls
 b - a scroll of blinking
 c - a scroll of noise {unknown}
 i - 3 scrolls of immolation
 q - 4 scrolls of teleportation
 r - a scroll of vulnerability
 z - a scroll of poison {unknown}
 B - a scroll of torment
 I - a scroll of fog
 J - a scroll of amnesia
 Q - a scroll of revelation
Potions
 g - 2 potions of invisibility {unknown}
 n - 3 potions of mutation
 o - 2 potions of curing
 s - 4 potions of degeneration
 w - 2 potions of enlightenment
 D - a potion of might
 K - 2 potions of cancellation
 L - a potion of resistance {unknown}
 Y - 2 potions of magic {unknown}


   Skills:
 * Level 8.9 Fighting
 + Level 4.2 Short Blades
 - Level 9.1(11.0) Axes
 * Level 9.1(10.5) Maces & Flails
 + Level 2.0 Throwing
 + Level 3.6 Armour
 + Level 5.4 Dodging
 + Level 3.5 Stealth
 + Level 2.2 Evocations


You had 10 spell levels left.
You didn't know any spells.
Your spell library contained the following spells:

 Spells                   Type           Power      Damage    Failure   Level
 Lesser Beckoning         Tloc           0%         N/A       43%         2
 Gell's Gravitas          Tloc           0%         N/A       67%         3
 Inner Flame              Hex/Fire       0%         N/A       67%         3
 Teleport Other           Tloc           0%         N/A       67%         3
 Flame Wave               Conj/Fire      0%         2d4       97%         4
 Sticky Flame             Fire/Alch      0%         2d4       97%         4


Dungeon Overview and Level Annotations

Branches:
Dungeon (10/15)            Temple (1/1) D:4           Sewer (visited)
   Lair: D:8-11         Orc: D:9-12

Altars:
Ashenzari
Cheibriados
Dithmenos
Elyvilon
Fedhas
Gozag
Hepliaklqana
Kikubaaqudgha
Makhleb
Nemelex Xobeh
Okawaru
Qazlal
Ru
Sif Muna
Trog
Uskayaw
Vehumet
Wu Jian
Xom
Yredelemnul
Zin
The Shining One
Beogh

Shops:
D:4 [   D:7 :   D:8 :   D:9 *

Portals:
Abyss: D:3

Annotations:
D:3 2 transporters, SageDae's ghost, amateur CoGl
D:7 2 transporters


Innate Abilities, Weirdness & Mutations

You can wield a second weapon in your off-hand.
It takes a long time for you to wield or remove held weapons.
Your first few attacks do less damage.
You cannot equip rings or amulets.
You have a pair of small horns on your head.
Your mind is acute. (Int +4, Str/Dex -1)
You are robust. (+10% HP)
Your spells are a little easier to cast, but a little less powerful.


Message History

Your +9 whip "Lyuxegg" {spect, rN++ rCorr SInv} disappears.
Your base Maces & Flails skill increases to level 9!
You start resting.
HP restored.
Things that are here:
a +0 robe; an ugly thing skeleton
There is an open door here.
Found a +0 dagger.
The fire dragon roars deafeningly!
The fire dragon breathes flames at you. The blast of flame hits you!! x2
There is an open door here.
Aiming: Wall Jump
Press: ? - help, Dir - move target You repeatedly attack the fire dragon from above.
You hit the fire dragon with the +9 whip "Lyuxegg".
You headbutt the fire dragon, but do no damage.
The fire dragon is lightly wounded.
You hit the fire dragon with your +1 eveningstar of protection.
Your weapon exudes an aura of protection.
You hit the fire dragon with the +9 whip "Lyuxegg".
Your headbutt misses the fire dragon.
The fire dragon is lightly wounded.
You hit the fire dragon but do no damage.
You whack the fire dragon with the +9 whip "Lyuxegg"!
The fire dragon is lightly wounded.
You barely miss the fire dragon with your +1 eveningstar of protection.
Your +9 whip "Lyuxegg" {spect, rN++ rCorr SInv} barely misses the fire dragon.
Your +9 whip "Lyuxegg" {spect, rN++ rCorr SInv} hits the fire dragon but does no damage. x2
The fire dragon closely misses you. The fire dragon barely misses you.
The fire dragon tramples you but does no damage.
The fire dragon bites you but does no damage.
The fire dragon claws you but does no damage.
The fire dragon tramples you but does no damage.
Your +9 whip "Lyuxegg" {spect, rN++ rCorr SInv} disappears.
The fire dragon breathes flames at you. The blast of flame hits you!!
* * * LOW HITPOINT WARNING * * *
The blast of flame hits you!
You die...

##########
#........#
#........#
#........#
#...####'#
#...#..°.#
#...#@.D.# ##
###...#})###
.#########.'...#))+
......[....########
.########### .# .#
.# .#


You could see a fire dragon (catching breath).

Vanquished Creatures
  A fire dragon (D:9)
  A boulder beetle (D:8)
  An arcanist (D:9)
  Pikel (D:5)
  2 ugly things (D:9)
  Jeremiah (D:8)
  A gargoyle (D:6)
  Maggie (D:8)
  A freezing wraith (D:9)
  Prince Ribbit (D:5)
  Grinder (D:4)
  2 wraiths
  10 yaks
  Edmund (D:6)
  3 water moccasins (D:8)
  2 orc warriors
  A sky beast (D:7)
  An ice beast (D:5)
  4 black bears
  An ogre (D:6)
  A centaur (D:5)
  4 lemures (D:5)
  7 phantoms (D:8)
  A kobold brigand (D:9)
  8 bullfrogs
  5 scorpions
  4 wights (D:8)
  6 killer bees
  A howler monkey (D:6)
  2 centaur zombies (D:8)
  3 hounds
  A bombardier beetle (D:4)
  A gnoll bouda (D:6)
  7 orc priests
  A jelly (D:6)
  5 sleepcaps (D:8)
  Ijyb (D:5)
  6 iguanas
  7 orc wizards
  4 scorpion zombies (D:8)
  4 killer bee zombies (D:8)
  14 gnolls
  14 adders
  3 river rats (Sewer)
  7 shadow imps
  2 white imps
  8 ufetubi
  2 ribbon worms
  4 dart slugs
  38 orcs
  10 ball pythons
  4 bats
  6 endoplasms
  7 giant cockroaches
  10 goblins
  5 hobgoblins
  3 jackals (D:1)
  5 kobolds
  4 quokkas
  7 frilled lizards
  18 rats
287 creatures vanquished.

Notes
Turn   | Place    | Note
-------+----------+-------------------------------------------
     0 | D:1      | jlumianski the Coglin Gladiator began the quest for the
                  | Orb.
     0 | D:1      | Reached XP level 1. HP: 16/16 MP: 1/1
   101 | D:1      | Reached XP level 2. HP: 22/22 MP: 2/2
   418 | D:1      | Reached XP level 3. HP: 27/27 MP: 3/3
  1407 | D:2      | Reached XP level 4. HP: 33/33 MP: 4/4
  1706 | D:2      | Gained mutation: Your spells are a little easier to cast,
                  | but a little less powerful. [potion of mutation]
  1706 | D:2      | Gained mutation: You are robust. (+10% HP) [potion of
                  | mutation]
  1706 | D:2      | Gained mutation: Your mind is acute. (Int +4, Str/Dex -1)
                  | [potion of mutation]
  1706 | D:2      | Gained mutation: You have a pair of small horns on your
                  | head. [potion of mutation]
  1830 | D:3      | Found a radiant altar of Vehumet.
  1936 | D:3      | Reached XP level 5. HP: 29/42 MP: 5/5
  2025 | D:4      | Reached skill level 1 in Short Blades
  2025 | D:4      | Reached skill level 1 in Armour
  2125 | D:3      | Found a one-way gate to the infinite horrors of the Abyss.
  2125 | D:3      | Noticed SageDae's ghost (amateur CoGl)
  2190 | D:3      | Found a transporter.
  2196 | D:3      | Noticed a small abomination
  2212 | D:3      | Reached skill level 1 in Stealth
  2258 | D:3      | Found a transporter.
  2259 | D:3      | Noticed a kobold brigand
  2467 | D:4      | Found Vuurubir's Antique Armour Emporium.
  2484 | D:4      | Reached XP level 6. HP: 43/51 MP: 6/6
  2486 | D:4      | Bought a scorched leather armour for 119 gold pieces
  2486 | D:4      | Identified the +0 leather armour of the Game of Life {rN++}
                  | (You bought it in a shop on level 4 of the Dungeon)
  2899 | D:4      | Noticed a black bear
  2929 | D:5      | Entered Level 5 of the Dungeon
  2929 | D:5      | Noticed Grinder
  2946 | D:4      | Reached skill level 5 in Axes
  2953 | D:4      | Killed Grinder
  2954 | D:4      | Reached XP level 7. HP: 18/58 MP: 7/7
  3192 | D:5      | Noticed Ijyb
  3266 | D:5      | Noticed Prince Ribbit
  3270 | D:5      | Killed Ijyb
  3319 | D:5      | Found a glowing drain.
  3335 | Sewer    | Entered a sewer
  3620 | Sewer    | Reached XP level 8. HP: 41/67 MP: 8/8
  3752 | D:5      | Noticed Pikel
  3792 | D:4      | Found a staircase to the Ecumenical Temple.
  3815 | Temple   | Entered the Ecumenical Temple
  3824 | Temple   | Became a worshipper of the Wu Jian Council
  4149 | D:5      | Killed Prince Ribbit
  4150 | D:5      | Reached skill level 5 in Fighting
  4338 | D:5      | Killed Pikel
  4339 | D:5      | Reached skill level 1 in Evocations
  4339 | D:5      | Reached XP level 9. HP: 11/75 MP: 9/9
  5408 | D:6      | Noticed a gargoyle
  5425 | D:6      | Reached * piety under Wu Jian
  5436 | D:6      | Killed a gargoyle
  6385 | D:6      | Found the +7 staff of the Meek {protect, meekguard}
  6386 | D:6      | Found a roughly hewn altar of Beogh.
  6419 | D:6      | Noticed Edmund
  6444 | D:6      | Killed Edmund
  7050 | D:7      | Reached skill level 1 in Maces & Flails
  7152 | D:7      | Found Dying's Vocational Training.
  7407 | D:7      | Found a transporter.
  7440 | D:7      | Found a transporter.
  7469 | D:8      | Noticed Maggie
  7590 | D:7      | Reached XP level 10. HP: 76/86 MP: 10/10
  7665 | D:7      | Reached ** piety under Wu Jian
  7763 | D:8      | Found Raitic's Book Boutique.
  8137 | D:8      | Noticed Jeremiah
  8384 | D:8      | Killed Jeremiah
  8418 | D:8      | Reached skill level 5 in Dodging
  8613 | D:8      | Reached skill level 5 in Maces & Flails
  8768 | D:8      | You fall into a shaft and drop 1 floor!
  9123 | D:8      | Reached *** piety under Wu Jian
  9126 | D:8      | Killed Maggie
  9318 | D:8      | Reached XP level 11. HP: 78/92 MP: 11/11
 10029 | D:9      | Found Coyhuz's General Store.
 10037 | D:9      | Bought a scroll of enchant weapon for 97 gold pieces
 10037 | D:9      | Bought a scroll of blinking for 97 gold pieces
 10152 | D:10     | Entered Level 10 of the Dungeon
 10706 | D:9      | Noticed an arcanist
 10706 | D:9      | Noticed a cyan ugly thing
 10706 | D:9      | Noticed a red ugly thing
 10706 | D:9      | Noticed a boulder beetle
 10854 | D:8      | Killed a boulder beetle
 10994 | D:9      | Reached **** piety under Wu Jian
 11153 | D:9      | Identified the +9 whip "Lyuxegg" {spect, rN++ rCorr SInv}
 11202 | D:9      | Killed a red ugly thing
 11209 | D:9      | Killed a red ugly thing
 11215 | D:9      | Killed an arcanist
 11283 | D:9      | Noticed a fire dragon
 11397 | D:9      | Noticed a fire dragon
 11428 | D:9      | Killed a fire dragon
 11710 | D:9      | Killed from afar by a fire dragon

Illustrated notes

Levels and vault maps discovered:
D:1:      erik_arrival_blinker_ship, layout_loops_ring, serial_bayou_lake_a
D:2:      layout_loops_cross, corner_web_ring
D:3:      layout_loops_ring, amcnicky_altar_gilded,
          gammafunk_ghost_abyssal_escape, nicolae_grassy_gnolls
D:4:      layout_rooms, minmay_temple_entry_proselytizer, nicolae_stop_n_shop_1
D:5:      layout_cave_pods, portal_sewer_entry_d, uniq_ijyb, uniq_pikel,
          uniq_prince_ribbit1, uniq_grinder
D:6:      minmay_chambers_of_fours, layout_loops_corners,
          pf_guarded_unrand_meek, uniq_edmund
D:7:      gammafunk_steamed_eel, layout_loops_ring, nicolae_shop_vocational
D:8:      bobbens_index_wilting_gardens, layout_basic, serial_shops,
          nicolae_shop_tiny_waterfront, moated_statue,
          nicolae_kite_square_tiling_tiny, uniq_maggie, uniq_jeremiah
D:9:      minmay_shrinking_squares, layout_loops_cross, minmay_shop_grid_forest,
          solitary_fountain, amcnicky_mini_corridor_feature
D:10:     layout_rooms, dpeg_lair_monsters, serial_shops,
          nicolae_shop_back_alley_shop, nicolae_shop_overgrown_old_shop,
          st_stairs_9, uniq_erolcha
Temple:   grunt_wide_crystal_templ

Skill      XL: |  1  2  3  4  5  6  7  8  9 10 11 |
---------------+----------------------------------+-----
Dodging        | 3 4 5 |  5.4
Axes           | 4 5 6 7 9 |  9.1
Short Blades   | 1 2 3 4 |  4.2
Armour         | 1 2 3 |  3.6
Stealth        | 1 2 3 |  3.5
Fighting       | 3 4 5 7 8 |  8.9
Throwing       | 2 |  2.0
Evocations     | 1 2 |  2.2
Maces & Flails | 1 6 9 |  9.1

Action                     |  1- 3 |  4- 6 |  7- 9 | 10-12 || total
---------------------------+-------+-------+-------+-------++-------
  Melee: War axe           |    75 |    91 |   246 |       ||   412
         Dagger            |    67 |    84 |   278 |   375 ||   804
         Headbutt          |       |    11 |    65 |   117 ||   193
         Eveningstar       |       |       |    52 |   399 ||   451
         Whip              |       |       |       |     9 ||     9
  Throw: Dart              |       |       |     2 |       ||     2
Ability: Lunge             |       |       |    24 |    38 ||    62
         Whirlwind         |       |       |     4 |    33 ||    37
         Wall Jump         |       |       |       |    36 ||    36
  Evoke: Wand              |       |       |     6 |       ||     6
    Use: Potion            |       |     1 |     2 |     1 ||     4
         Scroll            |       |     5 |    13 |     5 ||    23
   Stab: Sleeping          |     3 |     2 |     2 |     6 ||    13
         Distracted        |       |       |       |     2 ||     2
 Armour: Leather armour    |    22 |    58 |   190 |    84 ||   354
         Ring mail         |    23 |       |       |       ||    23
         Steam dragon scal |       |       |       |   110 ||   110
         Skin              |       |       |       |     1 ||     1
  Dodge: Dodged            |    48 |    59 |   182 |   194 ||   483

Table legend: (Time is in decaauts)
 A = Elapsed time spent in this place.
 B = Non-inter-level travel time spent in this place.
 C = Inter-level travel time spent in this place.
 D = Time resting spent in this place.
 E = Time spent auto-exploring this place.
 F = Levels seen in this place.
 G = Mean time per level.
                   A        B        C        D        E       F      G
               +--------+--------+--------+--------+--------+-----+--------+
         Total |  11809 |  11388 |    421 |   1156 |   6215 |  12 |  984.1 |
       Dungeon |  11344 |  10923 |    421 |   1156 |   6029 |  10 | 1134.4 |
        Temple |     18 |     18 |      0 |      0 |      0 |   1 |   18.0 |
         Sewer |    446 |    446 |      0 |      0 |    186 |   1 |  446.0 |
               +--------+--------+--------+--------+--------+-----+--------+

Top non-repeatable levels by time:
     D:8: 2411 daAuts
     D:9: 1469 daAuts
     D:6: 1442 daAuts
     D:5: 1218 daAuts
     D:7: 1188 daAuts
     D:3: 1046 daAuts
     D:1: 975 daAuts
     D:2: 870 daAuts
     D:4: 638 daAuts
   Sewer: 446 daAuts
    D:10: 84 daAuts
  Temple: 18 daAuts
